 Dungeon Crawl Stone Soup version 0.14-a0-1721-g84c87b2 (webtiles) character file.

3512 Kae the Conjurer (level 9, 0/45 HPs)
             Began as a Tengu Fire Elementalist on Jan 2, 2014.
             Was a Follower of Vehumet.
             Slain by a black bear (3 damage)
             ... on Level 8 of the Dungeon.
             The game lasted 00:21:10 (9445 turns).

Kae the Conjurer (Tengu Fire Elementalist)          Turns: 9445, Time: 00:21:10

HP   0/45        AC  3     Str  8      XL: 9   Next: 91%
MP  11/23        EV 13     Int 18      God: Vehumet [*.....]
Gold 389         SH  0     Dex 16      Spells:  5 memorised,  4 levels left

rFire  . . .     SeeInvis +     (no weapon)
rCold  . . .     Clarity  .     a - +0 robe (curse)
rNeg   . . .     Conserve .     (no shield)
rPois  .         rCorr    .     (helmet restricted)
rElec  .         rRot     .     x - +0 cloak (curse)
SustAb . .       Spirit   .     (no gloves)
rMut   .         Warding  .     (boots unavailable)
Saprov . . .     Stasis   +     k - amulet of stasis
                                (no ring)
                                C - ring of see invisible

@: slightly resistant to hostile enchantments, fairly stealthy
A: able to fly, beak, talons 3
a: Fly, Renounce Religion


You were on level 8 of the Dungeon.
You worshipped Vehumet.
Vehumet was aware of your devotion.
You were not hungry.

You visited 2 branches of the dungeon, and saw 9 of its levels.

You collected 389 gold pieces.

Inventory:

Hand weapons
 n - the +9,+4 spear of Cocytus {pierce, MR++, unknown}
   (You found it on level 7 of the Dungeon)

   It inflicts extra damage upon your enemies.
   It affects your resistance to hostile enchantments.
Missiles
 f - 86 darts (quivered)
 q - 11 darts of frost
Armour
 a - a cursed +0 robe (worn)
 x - a cursed +0 cloak (worn)
Comestibles
 c - 4 bread rations
 h - a royal jelly
 l - a rotting chunk of two-headed ogre flesh
 w - a chunk of orc flesh
 z - a meat ration
Scrolls
 e - 5 scrolls of remove curse
 i - 5 scrolls of teleportation
 p - 2 scrolls of magic mapping
 r - 2 scrolls of amnesia
 s - 3 scrolls of enchant weapon I
 u - 4 scrolls of fear
 v - a scroll of fog {unknown}
Jewellery
 g - an uncursed ring of teleportation
 k - an amulet of stasis (around neck)
 m - a cursed amulet of conservation
 C - a ring of see invisible (left hand)
 D - an uncursed amulet of conservation
Potions
 d - 5 potions of curing
 j - a potion of lignification
 o - a potion of flight
 t - 3 potions of heal wounds
 B - a potion of speed
 F - a potion of might {unknown}
Books
 b - a book of Flames

   Spells                             Type                      Level
   *Flame Tongue                      Conjuration/Fire             1
   *Throw Flame                       Conjuration/Fire             2
   *Conjure Flame                     Conjuration/Fire             3
   Inner Flame                        Hexes/Fire                   3
   *Sticky Flame                      Conjuration/Fire             4
   *Fireball                          Conjuration/Fire             5


   Skills:
 - Level 2.1 Dodging
 - Level 2.0 Stealth
 + Level 5.8 Spellcasting
 * Level 10.9 Conjurations
 * Level 10.0 Fire Magic


You had 4 spell levels left.
You knew the following spells:

 Your Spells              Type           Power        Failure   Level  Hunger
a - Flame Tongue          Conj/Fire      #####        1%          1    None
b - Throw Flame           Conj/Fire      #####.       1%          2    None
c - Conjure Flame         Conj/Fire      #####...     1%          3    ##.....
d - Sticky Flame          Conj/Fire      #####...     1%          4    ####...
e - Fireball              Conj/Fire      #####.....   6%          5    #####..


Dungeon Overview and Level Annotations

Branches:
Dungeon (8/16)             Temple (1/1) D:6
   Lair: D:8-11

Altars:
Ashenzari
Cheibriados
Elyvilon
Fedhas
Kikubaaqudgha
Nemelex Xobeh
Okawaru
Sif Muna
Trog
Vehumet
Xom
Yredelemnul
the Shining One

Annotations:
D:3 exclusion: centaur
D:5 1 exclusion


Innate Abilities, Weirdness & Mutations

You can fly.
You have a beak for a mouth.
You have claws for feet.


Message History

Press: ? - help, Shift-Dir - straight line, f/p - hill giant skeleton
Aim: a hill giant skeleton The flame hits the hill giant skeleton.
Casting: Flame Tongue
Confirm with . or Enter, or press ? or * to list all spells.
Aiming: Flame Tongue
Press: ? - help, Shift-Dir - straight line, f/p - hill giant skeleton
Aim: a hill giant skeleton The flame hits the hill giant skeleton.
The hill giant skeleton hits you! The black bear barely misses you.
The black bear closely misses you. The black bear misses you.
Casting: Flame Tongue
Confirm with . or Enter, or press ? or * to list all spells.
Aiming: Flame Tongue
Press: ? - help, Shift-Dir - straight line, f/p - hill giant skeleton
Aim: a hill giant skeleton The flame hits the hill giant skeleton.
The hill giant skeleton hits you!
* * * LOW HITPOINT WARNING * * *
The black bear misses you. The black bear claws you.
You die...

# ################
..#.#.....#..#.##.#.#
......................
.).....................
........................
........................
........................
........Z................
.......U@................
.........................
...#....#................
#....#..#..#...##.....
######################


You could see a black bear and a hill giant skeleton.

Vanquished Creatures
  Grinder (D:5)
  A two-headed ogre (D:8)
  The ghost of mathso the Slasher, an average HEFi (D:4)
  A necrophage (D:5)
  Menkaure (D:7)
  2 ice beasts
  An orc warrior (D:7)
  2 phantoms
  3 ogres
  4 centaurs
  A giant frog (D:6)
  A goliath beetle (D:7)
  A jelly (D:6)
  3 orc priests
  4 iguanas
  Crazy Yiuf (D:7)
  A giant frog skeleton (D:5)
  A hound (D:8)
  5 scorpions
  6 worker ants
  3 orc wizards
  Ijyb (D:6)
  An ogre skeleton (D:4)
  3 green rats (D:4)
  7 gnolls
  9 adders
  A giant mite (D:5)
  5 worms
  An adder zombie (D:5)
  A giant gecko (D:1)
  36 orcs
  A bat skeleton (D:7)
  A bat zombie (D:5)
  8 giant cockroaches
  12 goblins
  7 hobgoblins
  6 jackals
  A quokka (D:5)
  3 ball pythons
  11 bats
  5 giant newts
  A giant spore (D:8)
  A hobgoblin zombie (D:5)
  15 kobolds
  A kobold skeleton (D:8)
  A quokka skeleton (D:5)
  11 rats
  A rat zombie (D:8)
  4 ballistomycetes (D:8)
  A fungus (D:7)
200 creatures vanquished.

Vanquished Creatures (collateral kills)
  A scorpion zombie (D:7)
1 creature vanquished.

Vanquished Creatures (others)
  A quokka (D:4)
  A plant (D:4)
2 creatures vanquished.

Grand Total: 203 creatures vanquished

Notes
Turn   | Place    | Note
--------------------------------------------------------------
     0 | D:1      | Kae, the Tengu Fire Elementalist, began the quest for the Orb.
     0 | D:1      | Reached XP level 1. HP: 10/10 MP: 3/3
   496 | D:1      | Reached XP level 2. HP: 15/15 MP: 3/5
  1070 | D:2      | Reached XP level 3. HP: 19/19 MP: 5/7
  1630 | D:2      | Reached skill level 4 in Fire Magic
  1905 | D:3      | Reached XP level 4. HP: 5/24 MP: 0/9
  2802 | D:3      | Noticed a centaur
  3151 | D:4      | Noticed mathso's ghost (average HEFi)
  3166 | D:3      | Learned a level 2 spell: Throw Flame
  3170 | D:3      | Learned a level 3 spell: Conjure Flame
  3251 | D:4      | Reached XP level 5. HP: 25/28 MP: 0/12
  3288 | D:4      | Noticed an ogre
  3371 | D:4      | Killed an ogre
  3371 | D:4      | Reached skill level 5 in Fire Magic
  3536 | D:4      | Reached XP level 6. HP: 32/32 MP: 9/14
  3675 | D:4      | Killed mathso's ghost
  3675 | D:4      | Reached skill level 5 in Conjurations
  4000 | D:4      | Reached XP level 7. HP: 20/36 MP: 11/17
  4169 | D:4      | Reached skill level 6 in Fire Magic
  4279 | D:4      | Noticed a phantom
  4287 | D:4      | Killed a phantom
  4795 | D:4      | Found a white marble altar of Elyvilon.
  5378 | D:4      | Reached skill level 7 in Fire Magic
  5404 | D:5      | Entered Level 5 of the Dungeon
  5454 | D:5      | Reached XP level 8. HP: 41/41 MP: 16/20
  5460 | D:5      | Learned a level 4 spell: Sticky Flame
  5991 | D:5      | Noticed Grinder
  6205 | D:5      | Reached skill level 8 in Conjurations
  6345 | D:5      | Paralysed by Grinder for 5 turns
  6354 | D:5      | Killed Grinder
  6785 | D:6      | Found a staircase to the Ecumenical Temple.
  6908 | Temple   | Entered the Ecumenical Temple
  7089 | D:6      | Reached skill level 9 in Conjurations
  7089 | D:6      | Reached XP level 9. HP: 42/45 MP: 16/22
  7109 | D:6      | Found a deep blue altar of Sif Muna.
  7111 | D:6      | Found a radiant altar of Vehumet.
  7121 | D:6      | Became a worshipper of Vehumet
  7178 | D:6      | Reached skill level 5 in Spellcasting
  7293 | D:6      | Noticed Ijyb
  7306 | D:6      | Killed Ijyb
  8035 | D:7      | Acquired Vehumet's first power
  8035 | D:7      | Offered knowledge of Sting by Vehumet.
  8099 | D:7      | Noticed Menkaure
  8682 | D:7      | Noticed Crazy Yiuf
  8692 | D:7      | Killed Crazy Yiuf
  8692 | D:7      | Reached skill level 10 in Conjurations
  8754 | D:7      | Learned a level 5 spell: Fireball
  8926 | D:7      | Killed Menkaure
  8941 | D:7      | Got a twisted spear
  9228 | D:8      | Found a shattered altar of Ashenzari.
  9438 | D:8      | Reached skill level 10 in Fire Magic
  9445 | D:8      | Slain by a black bear

Action                   |  1- 3 |  4- 6 |  7- 9 || total
-------------------------+-------+-------+-------++-------
Melee: Unarmed           |    18 |    25 |    80 ||   123
Throw: Dart              |       |     6 |       ||     6
 Cast: Flame Tongue      |    60 |    98 |   270 ||   428
       Conjure Flame     |       |     2 |     8 ||    10
       Throw Flame       |       |     2 |    53 ||    55
       Sticky Flame      |       |       |     8 ||     8
       Fireball          |       |       |     7 ||     7
  Use: Scroll            |     5 |       |    15 ||    20
       Potion            |       |       |     3 ||     3
